 Dungeon Crawl Stone Soup version 0.31.0-2-g5a2aebc5c2 (webtiles) character file.

Game seed: 13281467827028180943

1901536 p0werm0de the Slayer (level 27, 216/216 (261) HPs)
             Began as an Armataur Hexslinger on Jan 20, 2024.
             Was a Follower of Uskayaw.
             Escaped with the Orb
             ... and 3 runes!
             The game lasted 01:29:55 (56026 turns).

p0werm0de the Slayer (Armataur Hexslinger)         Turns: 56026, Time: 01:29:56

HP:   216/216 (261) AC: 47    Str: 21    XL:     27
MP:   33/33         EV:  6    Int: 14    God:    Uskayaw [*.....]
Gold: 3257          SH: 24    Dex: 18    Spells: 23/28 levels left

rFire   + + .        a - +9 broad axe (elec)
rCold   + + .        T - +2 tower shield {AC+3}
rNeg    . . .        L - +5 gold dragon scales
rPois   +            (no helmet)
rElec   +            y - +0 cloak of Tene {Regen+}
rCorr   +            A - +2 pair of gloves of the Soft Wumpus {rCorr Dex+3}
SInv    .            X - +4 barding {rF+}
Will    +++..        D - amulet of regeneration Stlth
                     l - ring "Lot Feif" {rElec rC+ rCorr Str+2 Int+3}
HPRegen 2.16/turn    B - ring "Qejiatus" {rF+ Str-3 Slay+4}
MPRegen 0.23/turn

%: roll
@: studying 5 skills, heavily drained
A: large, deformed body, tough skin 3, armoured tail, roll 2, dopey 2, low MP 1,
strong-willed 1, weak 1, heat vulnerability 1, inability to drink after injury
2, sturdy frame 1
0: Orb of Zot
}: 3/15 runes: serpentine, barnacled, silver
a: Renounce Religion, Stomp


You escaped.
You worshipped Uskayaw.
Uskayaw was greatly pleased with you.
You visited 11 branches of the dungeon, and saw 51 of its levels.
You also visited: Gauntlet, Volcano and Wizlab.

You collected 9104 gold pieces.
You spent 5847 gold pieces at shops.

Inventory:

Hand Weapons
 a - a +9 broad axe of electrocution (weapon)
   (You bought it in a shop on level 7 of the Dungeon)
 b - a +9 antimagic broad axe
   (You took it off an orc warrior on level 2 of the Orcish Mines)
 e - a +3 heavy broad axe
   (You took it off a vault guard on level 3 of the Vaults)
 F - a +2 trishula of holy wrath
   (You took it off Mennas on level 4 of the Vaults)
 M - a +1 broad axe of distortion
   (You took it off a hell knight on level 4 of the Vaults)
Missiles
 x - 12 throwing nets
 P - 41 boomerangs (quivered)
Armour
 k - a +1 cloak of willpower
   (You found it on level 5 of the Vaults)
 y - the +0 cloak of Tene (worn) {Regen+}
   (You found it on level 1 of the Depths)

   Regen+:    It increases your rate of health regeneration.
 A - the +2 pair of gloves of the Soft Wumpus (worn) {rCorr Dex+3}
   (You found it in a volcano)

   Dex+3:     It affects your dexterity (+3).
   rCorr:     It protects you from acid and corrosion.
 H - a +0 helmet of see invisible
   (You found it in a wizard's laboratory)
 L - +5 gold dragon scales (worn)
   (You found it on level 3 of the Depths)
 T - a +2 tower shield of protection (worn)
   (You took it off a naga warrior on level 1 of the Snake Pit)
 X - a +4 barding of fire resistance (worn)
   (You took it off Vashnia on level 2 of the Snake Pit)
Jewellery
 f - the ring "Yjyb" {^Drain rF+ Str+4}
   (You took it off a spriggan rider on level 3 of the Depths)

   [ring of protection from fire]

   Str+4:     It affects your strength (+4).
   rF+:       It protects you from fire.
   ^Drain:    It drains your maximum health when unequipped.
 l - the ring "Lot Feif" (left hand) {rElec rC+ rCorr Str+2 Int+3}
   (You took it off a deep elf high priest on level 3 of the Elven Halls)

   [ring of protection from cold]

   Str+2:     It affects your strength (+2).
   Int+3:     It affects your intelligence (+3).
   rC+:       It protects you from cold.
   rElec:     It insulates you from electricity.
   rCorr:     It protects you from acid and corrosion.
 B - the ring "Qejiatus" (right hand) {rF+ Str-3 Slay+4}
   (You found it on level 3 of the Depths)

   [ring of protection from fire]

   Str-3:     It affects your strength (-3).
   Slay+4:    It affects your accuracy & damage with ranged weapons and melee
   (+4).
   rF+:       It protects you from fire.
 D - an amulet of regeneration (around neck)
   (You found it on level 4 of the Dungeon)
 E - the ring "Veisel" {Will+ Dex+3 Slay+4 Stlth+}
   (You found it on level 4 of the Shoals)

   [ring of slaying]

   Dex+3:     It affects your dexterity (+3).
   Slay+4:    It affects your accuracy & damage with ranged weapons and melee
   (+4).
   Will+:     It increases your willpower.
   Stlth+:    It makes you more stealthy.
 K - the ring "Kolefape" {Wiz rN+++ MP-9 Int+4}
   (You found it on level 7 of the Dungeon)

   [ring of wizardry]

   Wiz:       It improves your spell success rate.
   Int+4:     It affects your intelligence (+4).
   rN+++:     It renders you almost immune to negative energy.
   MP-9:      It affects your magic capacity (-9).
 Q - the ring "Nynafyq" {+Blink rF- rCorr AC+4}
   (You found it on level 2 of the Shoals)

   [ring of protection]

   AC+4:      It affects your AC (+4).
   rF-:       It makes you vulnerable to fire.
   +Blink:    It lets you blink.
   rCorr:     It protects you from acid and corrosion.
Wands
 j - a wand of polymorph (42)
   (You found it on level 1 of the Dungeon)
 p - a wand of mindburst (39)
   (You found it on level 3 of the Snake Pit)
 v - a wand of digging (18)
   (You found it on level 5 of the Lair of Beasts)
 G - a wand of iceblast (33)
   (You found it on level 4 of the Shoals)
 V - a wand of charming (42)
   (You found it on level 3 of the Dungeon)
Scrolls
 c - 4 scrolls of butterflies
 g - 5 scrolls of immolation
 i - a scroll of fear
 o - a scroll of torment
 r - a scroll of silence
 t - 3 scrolls of teleportation
 z - 2 scrolls of blinking
 I - 9 scrolls of vulnerability
 Y - 10 scrolls of fog
 Z - 2 scrolls of revelation
Potions
 d - 3 potions of might
 h - a potion of haste
 m - 6 potions of brilliance
 n - 5 potions of resistance
 q - 7 potions of curing
 s - 4 potions of magic
 w - 9 potions of heal wounds
 C - 3 potions of enlightenment
 N - 9 potions of attraction
 O - 5 potions of mutation
 R - a potion of cancellation
 S - 3 potions of berserk rage
 W - 10 potions of ambrosia
Miscellaneous
 u - a phial of floods
   (You found it on level 4 of the Shoals)
 J - a phantom mirror
   (You found it on level 5 of the Vaults)
 U - a box of beasts
   (You found it on level 3 of the Vaults)


   Skills:
 * Level 24.2 Fighting
 - Level 20.0 Axes
 - Level 4.0 Ranged Weapons
 - Level 22.0 Armour
 * Level 10.0 Dodging
 - Level 20.0 Shields
 - Level 1.0 Spellcasting
 - Level 2.6 Hexes
 - Level 0.8 Fire Magic
 * Level 20.6 Invocations
 - Level 15.0 Evocations


You had 23 spell levels left.
You knew the following spells:

 Your Spells              Type           Power      Damage    Failure   Level
a - Blink                 Tloc           0%         N/A       100%        2
f - Passwall              Erth           0%         N/A       100%        3

Your spell library contained the following spells:

 Spells                   Type           Power      Damage    Failure   Level
 Slow                     Hex            32%        N/A       87%         1
 Jinxbite                 Hex            16%        N/A       95%         2
 Apportation              Tloc           0%         N/A       99%         1
 Kiss of Death            Conj/Necr      0%         2d5       99%         1
 Magic Dart               Conj           0%         1d3       99%         1
 Necrotise                Necr           0%         1d4       99%         1
 Sandblast                Erth           0%         2d4       99%         1
 Shock                    Conj/Air       0%         1d3       99%         1
 Sting                    Conj/Alch      0%         1d3       99%         1
 Summon Small Mammal      Summ           0%         N/A       99%         1
 Confusing Touch          Hex            8%         N/A       99%         3
 Sigil of Binding         Hex            8%         N/A       99%         3
 Call Imp                 Summ           0%         N/A       100%        2
 Cigotuvi's Dreadful Rot  Necr/Alch/Air  0%         N/A       100%        2
 Lesser Beckoning         Tloc           0%         N/A       100%        2
 Mercury Vapours          Alch/Air       0%         N/A       100%        2
 Momentum Strike          Conj/Tloc      0%         3d8       100%        2
 Call Canine Familiar     Summ           0%         N/A       100%        3
 Dazzling Flash           Conj/Hex       8%         N/A       100%        3
 Fugue of the Fallen      Necr           0%         N/A       100%        3
 Gell's Gravitas          Tloc           0%         N/A       100%        3
 Hailstorm                Conj/Ice       0%         3d5       100%        3
 Inner Flame              Hex/Fire       5%         N/A       100%        3
 Mephitic Cloud           Conj/Alch/Air  0%         N/A       100%        3
 Stone Arrow              Conj/Erth      0%         3d7       100%        3
 Summon Ice Beast         Ice/Summ       0%         N/A       100%        3
 Swiftness                Air            0%         N/A       100%        3
 Teleport Other           Tloc           0%         N/A       100%        3
 Vampiric Draining        Necr           0%         2d6       100%        3
 Volatile Blastmotes      Fire/Tloc      2%         2d10      100%        3
 Airstrike                Air            0%         2d(0-16)  100%        4
 Anguish                  Hex/Necr       2%         N/A       100%        4
 Animate Dead             Necr           0%         N/A       100%        4
 Brom's Barrelling Bould  Conj/Erth      0%         2d3       100%        4
 Cause Fear               Hex            4%         N/A       100%        4
 Dimensional Bullseye     Hex/Tloc       2%         N/A       100%        4
 Dispel Undead            Necr           0%         3d6       100%        4
 Flame Wave               Conj/Fire      1%         2d4       100%        4
 Fulminant Prism          Conj/Alch      0%         3d5       100%        4
 Ignite Poison            Fire/Alch      1%         N/A       100%        4
 Iskenderun's Mystic Bla  Conj/Tloc      0%         2d3       100%        4
 Martyr's Knell           Necr/Summ      0%         N/A       100%        4
 Olgreb's Toxic Radiance  Alch           0%         N/A       100%        4
 Sticky Flame             Fire/Alch      1%         2d4       100%        4
 Summon Blazeheart Golem  Fire/Summ      1%         N/A       100%        4
 Vhi's Electric Charge    Tloc/Air       0%         N/A       100%        4
 Arcjolt                  Conj/Air       0%         1d10      100%        5
 Fireball                 Conj/Fire      0%         3d3       100%        5
 Freezing Cloud           Conj/Ice/Air   0%         6-21      100%        5
 Irradiate                Conj/Alch      0%         3d11      100%        5
 Iskenderun's Battlesphe  Conj           0%         2d6       100%        5
 Silence                  Hex/Air        2%         N/A       100%        5
 Yara's Violent Unravell  Hex/Alch       2%         3d3       100%        5
 Conjure Ball Lightning   Conj/Air       0%         3x3d6     100%        6
 Plasma Beam              Fire/Air       0%         2x1d10    100%        6
 Starburst                Conj/Fire      0%         6d3       100%        6
 Enfeeble                 Hex            4%         N/A       100%        7
 Haunt                    Necr/Summ      0%         N/A       100%        7
 Malign Gateway           Summ/Tloc      0%         N/A       100%        7
 Orb of Destruction       Conj           0%         9d5       100%        7
 Spellforged Servitor     Conj/Summ      0%         N/A       100%        7
 Ignition                 Fire           1%         3d3       100%        8
 Infestation              Necr           0%         N/A       100%        8
 Maxwell's Capacitive Co  Air            0%         ∞         100%        8
 Summon Horrible Things   Summ           0%         N/A       100%        8
 Fire Storm               Conj/Fire      0%         6d1       100%        9


Dungeon Overview and Level Annotations

Branches:
Dungeon (15/15)            Temple (1/1) D:5            Lair (5/5) D:10
 Shoals (4/4) Lair:2        Snake (4/4) Lair:2        Slime (0/5) Lair:4
    Orc (2/2) D:9             Elf (3/3) Orc:2        Vaults (5/5) D:14
  Crypt (3/3) Vaults:2       Tomb (0/3) Crypt:3      Depths (4/4) D:15
    Zot (5/5) Depths:4    Volcano (visited)          WizLab (visited)
Gauntlet (visited)

Altars:
Ashenzari
Cheibriados
Dithmenos
Elyvilon
Fedhas
Gozag
Hepliaklqana
Kikubaaqudgha
Makhleb
Nemelex Xobeh
Okawaru
Qazlal
Ru
Sif Muna
Trog
Uskayaw
Vehumet
Wu Jian
Xom
Yredelemnul
Zin
The Shining One
Jiyva

Shops:
D:5 *   D:7 :=(   D:14 *   D:15 :=   Orc:2 [(((   Elf:2 (   Elf:3 (   Snake:2 ?
Snake:4 :   Vaults:2 :   Vaults:5 [[   Zot:5 *   Depths:3 !*[[   Depths:4 *

Portals:
Hell: Depths:1 Depths:2 Depths:3 Depths:4
Abyss: Depths:3
Pandemonium: Depths:2
Ziggurat: Depths:4
Bazaar: Shoals:4

Annotations:
D:12 3 runed translucent doors, Bananafolds's ghost, journeyman DrAE
D:13 t4s4d4r's ghost, journeyman OnHs
Shoals:3 Mara
Snake:1 Aizul
Snake:2 Asterion; Roxanne
Depths:1 1 runed translucent door, exclusion: 3 orange crystal statues
Zot:5 exclusion: obsidian statue


Innate Abilities, Weirdness & Mutations

Armour fits poorly on your strangely shaped body.
You have extremely tough skin. (AC +3)
You have a long armoured tail.
You regenerate magic and health when rolling toward enemies. (Rampage Regen)
You are very dopey. (Int -4)
Your magical capacity is low. (-10% MP)
You are strong-willed. (Will+)
You are weak. (Str -2)
You are vulnerable to heat. (rF-)
You sometimes lose the ability to drink potions when taking damage.
Your movements are slightly less encumbered by armour. (ER -2)


Message History

You can now pass through a line of other dancers.
You closely miss the hellwing.
The hellwing is severely wounded.
You block the hellwing's attack. x2
A green death comes into view.
You hit the hellwing.
The hellwing is almost dead.
You block the hellwing's attack. x2
You open the hellwing like a pillowcase!!!
You kill the hellwing!
You feel magic returning to you.
You hear the crackle of electricity.
a - a +9 broad axe of electrocution (weapon)
There is a stone staircase leading up here.
You climb upwards.
There is a stone staircase leading down here.
Unknown command.
There is an open door, spattered with blood here.
HP restored.
There is an open door here.
You open the door.
A neqoxec comes into view.
There is an open door here.
The neqoxec gestures at you. Something gnaws on your mind!
You feel your power leaking away. The neqoxec gestures at you.
Strange energies course through your body.
You block the neqoxec's attack.
You miss the neqoxec. You slash the neqoxec!
Lightning courses through the neqoxec!! You tail-slap the neqoxec!
You kill the neqoxec!
There is a staircase leading out of the dungeon here.
You are confused.
You feel invigorated.
In your confused state, you trip and fall back down the stairs.
Magic restored.
You feel less invigorated.
You feel less confused.
You have escaped!

#.#.###.####.....## #.###
#.#.#....#####...# #...#
#.......##≈≈≈##..# ###.#
###.##.##≈~P~≈##.# #.#
#.####~~~.~~≈### #.# #.#
#≈~P.8.P~≈##########.#
#.###≈~.....~~#..........#
#.##8~.......~8).#########
##...'.P8.@.8P.'.##
##.#.#8~.......~8##
#.###.#~~.....~≈##
##.#.##≈~P.8.P~~#
##.####~~~.~≈~###
######.##≈~P≈≈##.#
#.......##≈≈~##..#######
#.###....#####.........#
#.# ####.# #...#####.#


There were no monsters in sight!

Vanquished Creatures
  Frederick (Crypt:2)
  4 orbs of fire (Zot:5)
  An ancient lich (Zot:5)
  Mennas (Vaults:4)
  2 juggernauts
  A royal mummy (Crypt:3)
  Xtahua (Depths:4)
  Boris (Crypt:2)
  Bai Suzhen (Crypt:3)
  A curse toe (Zot:2)
  Margery (Vaults:4)
  2 Killer Klowns (Zot:5)
  10 golden dragons
  Jory (Depths:4)
  Norris (Vaults:4)
  The ghost of Imio the Warrior, an adept DgCj (Depths:3)
  the Enchantress (Depths:4)
  A profane servitor (Depths:4)
  Zenata (Crypt:1)
  3 electric golems
  24 tentacled monstrosities
  Jorgrun (Shoals:2)
  2 liches
  A walking earthen tome (Depths:3)
  20 Orb Guardians
  3 titans
  2 deep elf blademasters (Elf:3)
  A searing wretch (Vaults:4)
  2 walking crystal tomes
  A walking divine tome (Depths:2)
  3 quicksilver dragons
  4 walking frostbound tomes (Depths:2)
  13 sphinxes
  2 deep elf master archers (Elf:3)
  3 ancient champions
  6 death cobs
  17 storm dragons
  9 tengu reavers
  Donald (Crypt:1)
  3 nagarajas (Snake:4)
  11 shadow dragons
  4 revenants
  2 draconian monks (Zot:3)
  11 fire giants
  5 draconian shifters
  4 deep elf sorcerers
  14 vault wardens
  12 frost giants
  An iron dragon (Depths:3)
  2 deep elf elementalists (Elf:3)
  A caustic shrike zombie (Crypt:2)
  5 draconian annihilators
  6 draconian knights
  22 ironbound preservers
  2 ghost moths (Zot:2)
  5 draconian scorchers
  6 ghouls (Crypt:2)
  7 ironbound thunderhulks
  A formless jellyfish (Vaults:2)
  An orc warlord (Orc:2)
  7 draconian stormcallers
  2 curse skulls
  7 spriggan defenders
  A quicksilver ooze (D:14)
  16 very ugly things
  8 deep elf death magi
  13 stone giants
  4 deep elf demonologists
  13 green draconians
  8 dire elephants
  3 elemental wellsprings (Shoals:2)
  6 white draconians
  4 vampire knights
  Azrael (D:15)
  3 war gargoyles
  24 purple draconians
  14 red draconians
  6 spark wasps
  9 yellow draconians
  6 deep elf annihilators
  2 statues (WizLab)
  6 eidola
  9 black draconians
  A blizzard demon (D:12)
  11 merfolk impalers
  19 ettins
  A merfolk javelineer (Shoals:4)
  A green death (Depths:1)
  11 fire dragons
  A crystal guardian (Vaults:4)
  6 mummy priests (Crypt:3)
  12 yaktaur captains
  7 deep elf high priests
  5 rakshasas
  5 entropy weavers
  A great orb of eyes (Vaults:4)
  6 jiangshi (Crypt:2)
  A spriggan zombie (Crypt:1)
  Harold (Orc:1)
  32 vault guards
  4 salamander tyrants (Snake:4)
  9 ice dragons
  13 hydras
  A merfolk avatar (Shoals:4)
  3 ogre magi
  A peacekeeper (Vaults:4)
  4 alligator snapping turtles
  5 ironbound frosthearts
  12 spriggan air magi
  3 merfolk aquamancers (Shoals:4)
  A death knight (Crypt:1)
  7 centaur warriors
  8 anacondas
  A catoblepas (Lair:3)
  27 dancing weapons
  3 boulder beetles
  11 naga warriors
  A sphinx skeleton (Crypt:2)
  4 satyrs
  5 death yaks (Lair:4)
  4 deep troll earth magi
  8 deep troll shamans
  An azure jelly zombie (Crypt:1)
  8 tengu warriors
  6 two-headed ogres
  A death scarab (Gauntlet)
  Urug (Orc:1)
  4 orc high priests (Orc:2)
  4 shock serpents
  A hell hog (Volcano)
  A quicksilver ooze zombie (Crypt:3)
  8 vampire magi
  7 occultists
  A demonic crawler (D:11)
  19 hell knights
  2 soul eaters
  5 deep elf knights
  12 spriggan berserkers
  12 naga sharpshooters
  8 spriggans
  A spectral death yak (Lair:5)
  11 skysharks
  2 golden dragon zombies (Depths:3)
  17 skeletal warriors
  4 iron trolls
  9 salamander mystics
  A shadow wraith (Vaults:5)
  2 storm dragon skeletons (Depths:1)
  12 mana vipers
  3 mana vipers (shapeshifter)
  13 sea snakes
  76 deep trolls
  7 glowing orange brains
  A spectral anaconda (Lair:5)
  5 arcanists
  4 naga ritualists
  9 necromancers
  A bog body (Crypt:2)
  A sun moth (shapeshifter) (Depths:3)
  4 flayed ghosts
  11 deep elf archers
  An orange crystal statue (Shoals:4)
  39 ugly things
  An obsidian statue (Lair:5)
  6 orc knights
  10 phantasmal warriors
  18 ironbound convokers
  9 lindwurms
  29 harpies
  11 orc sorcerers
  A jorogumo zombie (Crypt:3)
  13 deep elf zephyrmancers
  33 deep elf pyromancers
  25 manticores
  2 oklob plants (Shoals:4)
  18 fauns
  A faun (shapeshifter) (Depths:4)
  8 cyclopes
  A stone giant zombie (Crypt:1)
  30 black mambas
  7 kobold blastminers
  7 meliai (Depths:2)
  24 moths of wrath
  An eye of devastation (shapeshifter) (Depths:3)
  8 guardian serpents
  A smoke demon (Gauntlet)
  15 salamanders
  20 naga magi
  13 vault sentinels
  A stone giant skeleton (Crypt:1)
  Joseph (D:9)
  A torpor snail (Gauntlet)
  A centaur zombie (Crypt:2)
  2 dire elephant skeletons (Lair:5)
  2 gargoyles (D:13)
  19 cane toads
  2 orange demons (D:9)
  8 water nymphs
  14 elephants
  11 merfolk sirens
  An elephant slug zombie (Crypt:1)
  6 rime drakes
  2 hellions
  4 komodo dragons
  An unseen horror (D:13)
  A komodo dragon (shapeshifter) (Depths:1)
  Jeremiah (D:7)
  20 tengu conjurers
  33 yaktaurs
  An efreet (D:12)
  4 kobold demonologists
  A white draconian skeleton (Crypt:2)
  A tormentor (Depths:2)
  4 freezing wraiths
  4 ice devils
  A death drake zombie (Crypt:2)
  32 guardian mummies (Crypt:3)
  A harpy zombie (Crypt:2)
  32 merfolk
  A red devil (Gauntlet)
  A troll (shapeshifter) (Vaults:5)
  A queen bee (Lair:2)
  6 hornets
  2 polar bears
  21 blink frogs
  A moth of wrath zombie (Crypt:3)
  A tarantella (shapeshifter) (Depths:2)
  10 trolls
  3 glass eyes
  2 hellwings
  A radroach zombie (Crypt:1)
  5 wind drakes
  22 dream sheep
  An ettin zombie (Crypt:2)
  A hydra skeleton (Crypt:2)
  8 snapping turtles
  Sigmund (D:2)
  A boulder beetle zombie (Crypt:1)
  A fire giant simulacrum (Depths:1)
  A jumping spider (Vaults:2)
  A culicivora (Vaults:3)
  A spriggan (shapeshifter) (Elf:3)
  34 slime creatures
  6 centaur simulacra
  20 water elementals
  8 wyverns
  35 yaks
  An air elemental (Elf:2)
  2 shadows (D:10)
  9 ushabtiu (Crypt:3)
  A hog (D:10)
  14 wraiths
  A spectral komodo dragon (Gauntlet)
  4 fire elementals
  A fire bat (Volcano)
  16 humans (D:14)
  An ice dragon skeleton (Crypt:1)
  A vampire (D:13)
  6 basilisks (Lair:5)
  3 neqoxecs
  3 steam dragons
  3 wargs
  A death yak simulacrum (Lair:5)
  5 redbacks
  A chaos spawn (Depths:3)
  14 vampire mosquitoes
  A harpy simulacrum (D:15)
  Edmund (D:5)
  2 acid dragons (D:12)
  40 nagas
  16 water moccasins
  6 hell hounds
  A meliai simulacrum (D:13)
  51 orc warriors
  A hornet zombie (Crypt:2)
  An ice beast (D:8)
  13 ogres
  A boggart (Vaults:2)
  An elephant zombie (Lair:5)
  2 black bears (D:6)
  17 laughing skulls
  22 wolves
  An elephant skeleton (Lair:5)
  14 centaurs
  2 phantoms
  A manticore skeleton (Crypt:3)
  2 kobold brigands (D:14)
  A warg zombie (Crypt:3)
  3 earth elementals
  14 bullfrogs
  3 gnoll sergeants
  A cane toad simulacrum (Lair:5)
  2 necrophages (Crypt:2)
  2 scorpions
  10 wights
  A yak zombie (Crypt:1)
  30 killer bees
  12 electric eels
  2 bombardier beetles
  2 howler monkeys (D:10)
  2 bullfrog zombies (Crypt:2)
  A wolf zombie (Crypt:3)
  2 lava snakes (Lair:2)
  3 crimson imps (Gauntlet)
  4 hounds
  16 jellies
  A gnoll bouda (D:5)
  34 orc priests
  2 iguanas
  19 orc wizards
  A sleepcap (D:4)
  11 hell rats
  An ogre zombie (Crypt:3)
  A deep dwarf zombie (Crypt:3)
  A tengu zombie (Crypt:2)
  A hound skeleton (Crypt:3)
  9 mummies (Crypt:3)
  11 adders
  14 gnolls
  5 white imps
  3 ufetubi (D:6)
  A dart slug (D:1)
  2 ribbon worms
  115 orcs
  3 bats
  4 endoplasms
  A giant cockroach (D:1)
  8 goblins
  11 hobgoblins
  4 jackals (D:1)
  9 ball pythons
  2 frilled lizards (D:1)
  A frilled lizard skeleton (Crypt:1)
  16 kobolds
  A kobold skeleton (Crypt:1)
  An orc zombie (Crypt:3)
  6 rats
  A spectral weapon (Snake:2)
2453 creatures vanquished.

Vanquished Creatures (collateral kills)
  Vashnia (Snake:2)
  An orc warlord (Orc:1)
  A yak (Lair:2)
  2 killer bees (D:9)
5 creatures vanquished.

Vanquished Creatures (others)
  A draconian shifter (Zot:5)
  A draconian scorcher (Zot:5)
  A ghost moth (Zot:5)
  2 draconian annihilators (Zot:5)
  A red draconian (Zot:5)
  A dancing weapon (Elf:2)
  2 deep elf knights
  A deep elf zephyrmancer (Elf:1)
  A black mamba (Lair:1)
  2 yaks
  A hell hound (Volcano)
  An ogre (Orc:1)
  A killer bee (D:9)
  A jelly (D:10)
  An orc priest (D:13)
  An iguana (D:5)
  An orc wizard (D:9)
20 creatures vanquished.

Grand Total: 2478 creatures vanquished

Notes
Turn   | Place    | Note
-------+----------+-------------------------------------------
     0 | D:1      | p0werm0de the Armataur Hexslinger began the quest for the
                  | Orb.
     0 | D:1      | Reached XP level 1. HP: 15/15 MP: 2/2
    24 | D:1      | Reached skill level 1 in Fighting
   192 | D:1      | Reached XP level 2. HP: 23/23 MP: 3/3
   390 | D:1      | Found a faded altar of an unknown god.
   583 | D:1      | Reached skill level 2 in Fighting
   583 | D:1      | Reached XP level 3. HP: 29/29 MP: 4/4
  1017 | D:2      | Found a radiant altar of Vehumet.
  1454 | D:2      | Reached XP level 4. HP: 34/37 MP: 5/5
  1533 | D:2      | Noticed Sigmund
  1545 | D:2      | Killed Sigmund
  1546 | D:2      | Reached skill level 3 in Fighting
  1546 | D:2      | Reached XP level 5. HP: 38/46 MP: 6/6
  1703 | D:3      | Reached XP level 6. HP: 49/52 MP: 7/7
  1707 | D:3      | Learned a level 3 spell: Passwall
  2210 | D:4      | Reached skill level 4 in Fighting
  2335 | D:4      | Reached skill level 1 in Evocations
  2478 | D:4      | Reached skill level 1 in Axes
  2582 | D:4      | Gained mutation: You regenerate magic and health when
                  | rolling toward enemies. (Rampage Regen) [Armataur growth]
  2582 | D:4      | Reached XP level 7. HP: 24/59 MP: 8/8
  3259 | D:5      | Entered Level 5 of the Dungeon
  3389 | D:5      | Found a staircase to the Ecumenical Temple.
  3400 | Temple   | Entered the Ecumenical Temple
  3409 | Temple   | Became a worshipper of Uskayaw the Reveller
  3437 | D:5      | Reached * piety under Uskayaw
  3439 | D:5      | Reached ** piety under Uskayaw
  3446 | D:5      | Reached *** piety under Uskayaw
  3450 | D:5      | Reached **** piety under Uskayaw
  3486 | D:5      | Reached skill level 1 in Invocations
  3662 | D:5      | Found Iroeh's General Store.
  3663 | D:5      | Noticed Edmund
  3683 | D:5      | Killed Edmund
  3712 | D:5      | Bought 2 potions of heal wounds for 130 gold pieces
  3712 | D:5      | Bought a scroll of identify for 26 gold pieces
  3712 | D:5      | Bought a scroll of identify for 26 gold pieces
  3863 | D:5      | Identified the +3 whip "Zezaixu" {pain, rN++ Dex+3 SInv}
  3920 | D:5      | Reached skill level 5 in Fighting
  3956 | D:5      | Reached XP level 8. HP: 45/68 MP: 9/9
  4300 | D:6      | Reached ***** piety under Uskayaw
  4424 | D:6      | Found a bloodstained altar of Trog.
  4572 | D:6      | Found a white marble altar of Elyvilon.
  4572 | D:6      | Found a broken altar of Ashenzari.
  4573 | D:6      | Found an ornate altar of the Wu Jian Council.
  4574 | D:6      | Found a shimmering altar of Xom.
  4622 | D:6      | Reached skill level 6 in Fighting
  4622 | D:6      | Reached XP level 9. HP: 42/72 MP: 12/12
  4909 | D:7      | Reached skill level 5 in Evocations
  5032 | D:7      | Found a stormy altar of Qazlal.
  5038 | D:7      | Found a blossoming altar of Fedhas.
  5111 | D:7      | Noticed Jeremiah
  5377 | D:7      | Found Dutat's Jewellery Emporium.
  5378 | D:7      | Found a transporter.
  5440 | D:7      | Found Poesezuf's Book Boutique.
  5512 | D:7      | Identified the ring "Kolefape" {Wiz rN+++ MP-9 Int+4}
  5592 | D:7      | Killed Jeremiah
  5639 | D:7      | Found a transporter.
  5639 | D:7      | Found Patiru's Antique Weapon Shoppe.
  5884 | D:7      | Bought a runed broad axe for 182 gold pieces
  5972 | D:8      | Reached skill level 5 in Invocations
  6101 | D:8      | Noticed a troll
  6105 | D:8      | Killed a troll
  6106 | D:8      | Reached skill level 5 in Axes
  6652 | D:9      | Noticed a troll
  6667 | D:9      | Reached skill level 7 in Fighting
  6691 | D:8      | Killed a troll
  6868 | D:9      | Noticed Joseph
  6887 | D:9      | Killed Joseph
  6888 | D:9      | Reached XP level 10. HP: 28/86 MP: 14/14
  7199 | D:9      | Noticed a cyclops
  7204 | D:9      | Killed a cyclops
  7454 | D:10     | Entered Level 10 of the Dungeon
  7484 | D:10     | Found a basalt altar of Yredelemnul.
  7847 | D:10     | Found a snail-covered altar of Cheibriados.
  7872 | D:10     | Found a staircase to the Lair.
  8036 | D:10     | Found a shimmering blue altar of Sif Muna.
  8080 | D:10     | Reached skill level 8 in Fighting
  8375 | D:10     | Reached XP level 11. HP: 84/94 MP: 16/16
  8560 | D:10     | Found an iron altar of Okawaru.
  9191 | D:11     | Reached skill level 1 in Armour
  9227 | D:11     | Reached skill level 1 in Shields
  9984 | D:12     | Noticed a cyan ugly thing
  9999 | D:12     | Killed a cyan ugly thing
 10171 | D:12     | Reached skill level 9 in Fighting
 10401 | D:12     | Identified the +10 falchion of Uskayaw's Benevolence
                  | {venom, Dex+3}
 10418 | D:12     | Got Sif Muna's Quarto of Numb Chemistry
 10428 | D:12     | Found a runed translucent gate.
 10428 | D:12     | Found a runed translucent gate.
 10428 | D:12     | Found a runed translucent gate.
 10439 | D:12     | Noticed Bananafolds's ghost (journeyman DrAE)
 10705 | Lair:1   | Entered Level 1 of the Lair of Beasts
 11136 | Lair:1   | Reached XP level 12. HP: 102/104 MP: 18/18
 11147 | Lair:1   | Reached ****** piety under Uskayaw
 11769 | Lair:2   | Noticed a seven-headed hydra
 11778 | Lair:2   | Reached skill level 5 in Armour
 11837 | Lair:2   | Killed a one-headed hydra
 11841 | Lair:2   | Reached skill level 5 in Shields
 12148 | Lair:2   | Reached skill level 10 in Fighting
 12206 | Lair:2   | Found a staircase to the Snake Pit.
 12324 | Lair:2   | Identified a scroll of acquirement
 12325 | Lair:2   | Acquired the +0 barding of Feasting {Dex+3}
 12431 | Lair:2   | Found a staircase to the Shoals.
 12497 | Lair:2   | Noticed a four-headed hydra
 12504 | Lair:2   | Killed a one-headed hydra
 13002 | Lair:3   | Noticed a boulder beetle
 13028 | Lair:3   | Noticed a catoblepas
 13034 | Lair:3   | Killed a catoblepas
 13035 | Lair:3   | Reached XP level 13. HP: 103/113 MP: 20/20
 13169 | Lair:3   | Found a dark tunnel.
 13178 | Volcano  | Entered a volcano
 13199 | Volcano  | Reached skill level 10 in Invocations
 13204 | Volcano  | Identified the +2 pair of gloves of the Soft Wumpus {rCorr
                  | Dex+3}
 13428 | Volcano  | Found the +2 pair of slick slippers {slick, slippery, EV+4}
 14454 | Lair:4   | Found a staircase to the Slime Pits.
 14463 | Lair:4   | Found a viscous altar of Jiyva.
 14689 | Lair:4   | Reached skill level 11 in Fighting
 15061 | Lair:5   | Entered Level 5 of the Lair of Beasts
 15166 | Lair:5   | Reached XP level 14. HP: 52/124 MP: 22/22
 15346 | Lair:5   | Identified the +7 shortbow of Tumpul {freeze, rElec Int+3
                  | Dex-2 Stlth+}
 15938 | Lair:5   | Reached skill level 10 in Axes
 15940 | Lair:5   | Reached skill level 10 in Armour
 16264 | Lair:5   | Identified the +6 great sword of Compassion {heavy, rN+
                  | Str+2 Dex+4}
 16749 | D:9      | Found a staircase to the Orcish Mines.
 16776 | Orc:1    | Entered Level 1 of the Orcish Mines
 16776 | Orc:1    | Noticed Urug
 16776 | Orc:1    | Noticed an orc warlord
 16784 | Orc:1    | Killed an orc warlord
 16786 | Orc:1    | Killed Urug
 17162 | Orc:1    | Noticed Harold
 17171 | Orc:1    | Killed Harold
 17238 | Orc:2    | Entered Level 2 of the Orcish Mines
 17379 | Orc:2    | Reached skill level 12 in Fighting
 17506 | Orc:2    | Reached skill level 10 in Shields
 17571 | Orc:2    | Found Kekk's Antique Armour Boutique.
 17592 | Orc:2    | Bought a faintly humming chain mail for 332 gold pieces
 17592 | Orc:2    | Identified the +7 chain mail of the Bulwark {rC- rCorr
                  | Int+6} (You bought it in a shop on level 2 of the Orcish
                  | Mines)
 17619 | Orc:2    | Found Isag's Weapon Shop.
 17806 | Orc:2    | Reached XP level 15. HP: 72/131 MP: 19/24
 18317 | Orc:2    | Paralysed by an orc sorcerer for 4 turns
 18407 | Orc:2    | Found a staircase to the Elven Halls.
 18680 | Orc:2    | Found Quewkon's Weapon Shop.
 18811 | Orc:2    | Found Zifieffoi's Antique Weapon Shoppe.
 19233 | D:9      | Gained mutation: You are clumsy. (Dex -2) [a neqoxec]
 19860 | D:13     | Found a runed translucent gate.
 19860 | D:13     | Found a runed translucent gate.
 19865 | D:13     | Found a runed translucent gate.
 19912 | D:13     | Noticed t4s4d4r's ghost (journeyman OnHs)
 19982 | D:13     | Paralysed by an orc sorcerer for 4 turns
 20662 | D:13     | Identified the ring "Utooloif" {Fire rN++ Slay-6}
 20714 | D:14     | Found a gate to the Vaults.
 20807 | D:14     | Found an opulent altar of Gozag.
 20820 | D:14     | Reached skill level 13 in Fighting
 20838 | D:14     | Found a gate leading to a gauntlet.
 20847 | Gauntlet | Entered a Gauntlet
 20847 | Gauntlet | Found a transporter.
 20856 | Gauntlet | Found a transporter.
 20859 | Gauntlet | Found a transporter.
 20861 | Gauntlet | Found a transporter.
 20915 | Gauntlet | Found a transporter.
 20915 | Gauntlet | Found a transporter.
 20917 | Gauntlet | Found a transporter.
 20960 | Gauntlet | Found a runed translucent gate.
 20960 | Gauntlet | Found a runed translucent gate.
 20960 | Gauntlet | Found a runed translucent gate.
 20962 | Gauntlet | Found a transporter.
 20964 | Gauntlet | Found a transporter.
 20965 | Gauntlet | Found a transporter.
 20991 | Gauntlet | Found a transporter.
 20991 | Gauntlet | Found a transporter.
 20991 | Gauntlet | Found a transporter.
 21012 | Gauntlet | Found a runed translucent door.
 21027 | Gauntlet | Found a runed translucent door.
 21029 | Gauntlet | Found a transporter.
 21044 | Gauntlet | Identified the +5 sling of Causality {flame, rC+ Will+
                  | rCorr}
 21044 | Gauntlet | Identified the ring "Buuck" {rPois rC+}
 21364 | D:14     | Identified the +0 ring mail of the Tundras {rN+}
 21535 | D:14     | Found Gozag's Platinum Reserve.
 21620 | D:14     | Found a broken altar of Ashenzari.
 21908 | D:15     | Entered Level 15 of the Dungeon
 21908 | D:15     | Found Upadonu's Jewellery Emporium.
 21908 | D:15     | Found Raemiw's General Store.
 22147 | D:15     | Found a staircase to the Depths.
 22178 | D:15     | Reached XP level 16. HP: 119/144 MP: 25/25
 22412 | D:15     | Noticed Azrael
 22426 | D:15     | Killed Azrael
 22480 | D:15     | Found Zyat Lonk's Book Shoppe.
 22882 | Snake:1  | Entered Level 1 of the Snake Pit
 23256 | Snake:1  | Identified the serpent talisman "Cosac" {Dex+3}
 23256 | Snake:1  | Noticed Aizul
 23352 | Snake:2  | Found Totusmu's Magic Scroll Boutique.
 23369 | Snake:2  | Bought a scroll of blinking for 97 gold pieces
 23369 | Snake:2  | Bought a scroll of teleportation for 39 gold pieces
 23369 | Snake:2  | Bought a scroll of fog for 52 gold pieces
 23369 | Snake:2  | Bought a scroll of fog for 52 gold pieces
 23369 | Snake:2  | Bought a scroll of immolation for 52 gold pieces
 23369 | Snake:2  | Bought a scroll of identify for 26 gold pieces
 23415 | Snake:2  | Identified the granite talisman of the Boiling Point {rN+}
 23415 | Snake:2  | Noticed Roxanne
 23575 | Snake:2  | Noticed Asterion
 23583 | Snake:2  | Noticed an Executioner
 24073 | Snake:2  | Noticed Vashnia
 24090 | Snake:2  | Killed Vashnia
 24395 | Snake:2  | Reached skill level 14 in Fighting
 24502 | Snake:2  | Gained mutation: You sometimes lose your temper in combat.
                  | [a cacodemon]
 24553 | Snake:2  | Lost mutation: You are clumsy. (Dex -2) [potion of
                  | mutation]
 24553 | Snake:2  | Lost mutation: You sometimes lose your temper in combat.
                  | [potion of mutation]
 24553 | Snake:2  | Gained mutation: You sometimes lose your temper in combat.
                  | [potion of mutation]
 24554 | Snake:2  | Lost mutation: You sometimes lose your temper in combat.
                  | [potion of mutation]
 24554 | Snake:2  | Gained mutation: You are strong-willed. (Will+) [potion of
                  | mutation]
 24554 | Snake:2  | Gained mutation: Your skin changes colour to match your
                  | surroundings (Stealth+). [potion of mutation]
 24554 | Snake:2  | Gained mutation: You are vulnerable to heat. (rF-) [potion
                  | of mutation]
 25498 | Snake:4  | Entered Level 4 of the Snake Pit
 25656 | Snake:4  | Reached XP level 17. HP: 75/152 MP: 17/26
 25978 | Snake:4  | Found Fimean's Self-Improvement Boutique.
 26250 | Snake:4  | Reached skill level 15 in Armour
 26700 | Snake:4  | Got a serpentine rune of Zot
 26941 | Shoals:1 | Entered Level 1 of the Shoals
 27504 | Shoals:1 | Reached skill level 15 in Fighting
 27968 | Shoals:2 | Identified the +6 leather armour of Onaizxakh {rElec rCorr
                  | Int+4}
 27977 | Shoals:2 | Noticed Jorgrun
 27990 | Shoals:2 | Killed Jorgrun
 27991 | Shoals:2 | Reached skill level 15 in Shields
 28258 | Snake:4  | Bought a manual of Axes for 1600 gold pieces
 28487 | Shoals:2 | Reached XP level 18. HP: 163/163 MP: 27/27
 28954 | Shoals:2 | Identified the ring "Ywenao" {Fire *Slow Int+4}
 28956 | Shoals:2 | Identified the ring "Nynafyq" {+Blink rF- rCorr AC+4}
 29425 | Shoals:3 | Noticed Mara
 29654 | Shoals:3 | Identified the +7 morningstar of Qeonn {holy, rC++}
 29703 | Shoals:4 | Entered Level 4 of the Shoals
 29788 | Shoals:4 | Got a barnacled rune of Zot
 30140 | Shoals:4 | Identified the ring "Veisel" {Will+ Dex+3 Slay+4 Stlth+}
 30222 | Shoals:4 | Found a gateway to a bazaar.
 30439 | Shoals:4 | Identified the +3 executioner's axe "Tegos" {holy, rC+
                  | Int+3 Stlth+}
 30844 | Elf:1    | Entered Level 1 of the Elven Halls
 30849 | Elf:1    | Reached skill level 16 in Fighting
 30849 | Elf:1    | Reached skill level 15 in Axes
 31224 | Elf:1    | Reached XP level 19. HP: 172/172 MP: 9/28
 31700 | Elf:2    | Found Bessishra's Antique Weapon Shoppe.
 31700 | Elf:2    | Found a shimmering blue altar of Sif Muna.
 31739 | Elf:2    | Found a magical portal.
 31745 | WizLab   | Entered Iskenderun's Mystic Tower
 32057 | WizLab   | Got Iskenderun's Vellum of Power
 32144 | Elf:2    | Paralysed by an air elemental for 1 turns
 32300 | Elf:2    | Found a runed translucent gate.
 32300 | Elf:2    | Found a runed translucent gate.
 32302 | Elf:2    | Found a runed translucent gate.
 33033 | Vaults:1 | Entered Level 1 of the Vaults
 34431 | Vaults:2 | Reached skill level 17 in Fighting
 34876 | Vaults:2 | Reached XP level 20. HP: 159/184 MP: 29/29
 34883 | Vaults:2 | Acquired 868 gold pieces
 35055 | Vaults:2 | Found a staircase to the Crypt.
 35470 | Snake:4  | Bought a manual of Fighting for 1600 gold pieces
 36112 | Vaults:2 | Found Qapp's Book Shop.
 36456 | Vaults:3 | Identified the +6 plate armour "Puntow" {Dex+5 Slay+2}
 36874 | Vaults:3 | Reached skill level 18 in Fighting
 37086 | Vaults:3 | Identified the +7 scimitar "Upypoc" {protect, rElec rF+
                  | Str+4}
 37572 | Vaults:4 | Reached XP level 21. HP: 181/195 MP: 30/30
 37717 | Vaults:4 | Noticed Norris
 37726 | Vaults:4 | Killed Norris
 38007 | Vaults:4 | Noticed Margery
 38016 | Vaults:4 | Killed Margery
 38062 | Vaults:4 | Identified the +2 spear of Regicide {pain, *Corrode rElec
                  | rN++}
 38069 | Vaults:4 | Noticed Mennas
 38082 | Vaults:5 | Entered Level 5 of the Vaults
 38104 | Vaults:5 | Reached skill level 10 in Evocations
 38105 | Vaults:5 | Reached skill level 19 in Fighting
 38447 | Depths:1 | Entered Level 1 of the Depths
 38582 | Crypt:1  | Entered Level 1 of the Crypt
 38668 | Crypt:1  | Noticed Zenata
 38696 | Crypt:1  | Killed Zenata
 38827 | Crypt:1  | Identified the +1 leather armour of Courage {Rampage +Blink
                  | rElec}
 38974 | Crypt:1  | Found an ancient bone altar of Kikubaaqudgha.
 39019 | Crypt:1  | Noticed Donald
 39035 | Crypt:1  | Killed Donald
 39426 | Crypt:2  | Noticed Boris
 39440 | Crypt:2  | Killed Boris
 40113 | Crypt:2  | Identified the orb of the Vestibule of Hell {*channel, rF-
                  | rN+ Fire}
 40113 | Crypt:2  | Noticed Frederick
 40129 | Crypt:2  | Killed Frederick
 40224 | Crypt:3  | Entered Level 3 of the Crypt
 40253 | Crypt:3  | Reached XP level 22. HP: 206/206 MP: 22/31
 40591 | Crypt:3  | Found a staircase to the Tomb.
 40638 | Crypt:3  | Noticed Bai Suzhen
 40674 | Crypt:3  | Killed Bai Suzhen
 41764 | Crypt:3  | Gained mutation: Your magical capacity is low. (-10% MP) [a
                  | neqoxec]
 42084 | Crypt:3  | Identified the ring of Huyfrocw {rPois Str+6}
 42100 | Crypt:3  | Got the Incunabulum of Gloom
 42122 | Crypt:3  | Noticed a royal mummy
 42131 | Crypt:3  | Killed a royal mummy
 42132 | Crypt:3  | Reached skill level 20 in Fighting
 42653 | Depths:1 | Noticed a dread lich
 42653 | Depths:1 | Found the ring of the Mage {Wiz Archmagi}
 42654 | Depths:1 | Found a runed translucent door.
 43159 | Depths:1 | Noticed a juggernaut
 43164 | Depths:1 | Noticed a golden dragon
 43173 | Depths:1 | Killed a juggernaut
 43186 | Depths:1 | Killed a golden dragon
 43648 | Depths:1 | Found a gateway to Hell.
 43842 | Depths:1 | Identified the +0 cloak of Tene {Regen+}
 44210 | Depths:2 | Reached XP level 23. HP: 131/217 MP: 30/30
 44676 | Depths:2 | Identified the amulet of Morality {Spirit Rampage rPois}
 44758 | Depths:2 | Identified the +12 sling of Cogem {drain, *Slow +Blink
                  | Int+3}
 44824 | Depths:2 | Identified the +0 scale mail "Ziate" {Harm rPois}
 44868 | Depths:2 | Found a one-way gate leading to the halls of Pandemonium.
 44891 | Depths:2 | Identified the +3 sling "Obrink" {elec, ^Drain Int+6}
 44900 | Depths:2 | Reached skill level 21 in Fighting
 44997 | Depths:2 | Got the Almanac of the Clam
 45003 | Depths:2 | Identified the staff "Mevu" {rElec rPois Str-4 Necro
                  | Alchemy}
 45115 | Depths:2 | Noticed a juggernaut
 45126 | Depths:2 | Killed a juggernaut
 45170 | Depths:2 | Reached skill level 15 in Invocations
 45172 | Depths:2 | Reached XP level 24. HP: 215/228 MP: 30/31
 46061 | Depths:3 | Found Cekhly's Distillery.
 46064 | Depths:3 | Found Xawautol's Antique Armour Shoppe.
 46064 | Depths:3 | Found Wic Issu's General Store.
 46067 | Depths:3 | Found Dorrodgh's Armour Shoppe.
 46094 | Depths:3 | Bought a scorched plate armour for 504 gold pieces
 46094 | Depths:3 | Identified the +9 plate armour of the Dolphin {*Corrode
                  | Dex+6 Slay+3} (You bought it in a shop on level 3 of the
                  | Depths)
 46104 | Depths:3 | Bought a potion of curing for 39 gold pieces
 46104 | Depths:3 | Bought a potion of heal wounds for 65 gold pieces
 46104 | Depths:3 | Bought a potion of curing for 39 gold pieces
 46104 | Depths:3 | Bought a potion of curing for 39 gold pieces
 46104 | Depths:3 | Bought a potion of resistance for 130 gold pieces
 46104 | Depths:3 | Bought a potion of mutation for 104 gold pieces
 46104 | Depths:3 | Bought a potion of attraction for 39 gold pieces
 46107 | Depths:3 | Bought a scroll of teleportation for 48 gold pieces
 46107 | Depths:3 | Bought a potion of haste for 160 gold pieces
 46204 | Depths:3 | Noticed Imio's ghost (adept DgCj)
 46205 | Depths:3 | Found a runed translucent gate.
 46205 | Depths:3 | Found a runed translucent gate.
 46205 | Depths:3 | Found a runed translucent gate.
 46211 | Depths:3 | Found the +8 arc blade {discharge, rElec}
 46243 | Depths:3 | Identified the ring "Yjyb" {^Drain rF+ Str+4}
 46367 | Depths:3 | Found a basalt altar of Yredelemnul.
 46416 | Depths:3 | Found a one-way gate to the infinite horrors of the Abyss.
 46721 | Depths:3 | Killed Imio's ghost
 46756 | Depths:3 | Identified the ring "Qejiatus" {rF+ Str-3 Slay+4}
 46806 | Depths:4 | Entered Level 4 of the Depths
 46819 | Depths:4 | Noticed Jory
 46837 | Depths:4 | Killed Jory
 47050 | Depths:4 | Noticed the Enchantress
 47059 | Depths:4 | Killed the Enchantress
 47102 | Depths:4 | Reached XP level 25. HP: 236/236 MP: 31/31
 47161 | Depths:4 | Noticed Xtahua
 47180 | Depths:4 | Killed Xtahua
 47414 | Depths:4 | Found Tolaolisch's General Store.
 47426 | Depths:4 | Bought a potion of resistance for 130 gold pieces
 47518 | Depths:4 | Found a one-way gateway to a ziggurat.
 47887 | Depths:4 | Found a gate to the Realm of Zot.
 48454 | Elf:3    | Entered Level 3 of the Elven Halls
 48601 | Elf:3    | Found Idesafi's Weapon Boutique.
 48964 | Elf:3    | Learned a level 2 spell: Blink
 49016 | Elf:3    | Reached skill level 22 in Fighting
 49172 | Elf:3    | Identified the ring "Upuepeag" {rElec rPois Str-5 Int+4
                  | Dex+3}
 49176 | Elf:3    | Reached skill level 15 in Evocations
 49185 | Elf:3    | Identified the +3 battleaxe of the Reaper {freeze, rElec
                  | rF- rC+ Dex+3}
 49185 | Elf:3    | Identified the ring "Lot Feif" {rElec rC+ rCorr Str+2
                  | Int+3}
 49233 | Elf:3    | Got the Writings on Hexes and the Dragon
 49251 | Elf:3    | Identified the +9 hand axe of the Spheres {pain, Str+5
                  | Int-4}
 49323 | Elf:3    | Identified the staff "Joinnoatt" {rPois rC- Str+4 Conj}
 50039 | Vaults:4 | Killed Mennas
 50156 | Vaults:5 | Paralysed by a sphinx for 4 turns
 50167 | Vaults:5 | Found Cohyw's Armour Boutique.
 50368 | Vaults:5 | Reached skill level 5 in Dodging
 50372 | Vaults:5 | Reached XP level 26. HP: 154/248 MP: 32/32
 50841 | Vaults:5 | Identified the +0 leather armour "Ataeru" {rN+++ Dex-2
                  | Stlth+}
 51022 | Vaults:5 | Identified the ring of the Kissing Gods {rN+ Str+3 SInv}
 51039 | Vaults:5 | Found Fitzirynun's Antique Armour Shoppe.
 51049 | Vaults:5 | Got a silver rune of Zot
 51906 | Zot:1    | Entered Level 1 of the Realm of Zot
 51915 | Zot:1    | Identified the +2 robe of Panentheism {Int-5 Dex+3 Stlth+}
 52378 | Zot:2    | Reached skill level 23 in Fighting
 53975 | Zot:3    | Lost mutation: You are strong-willed. (Will+) [potion of
                  | mutation]
 53975 | Zot:3    | Lost mutation: Your skin changes colour to match your
                  | surroundings (Stealth+). [potion of mutation]
 53975 | Zot:3    | Lost mutation: You are vulnerable to heat. (rF-) [potion of
                  | mutation]
 53975 | Zot:3    | Gained mutation: You occasionally lose the ability to drink
                  | potions when taking damage. [potion of mutation]
 53975 | Zot:3    | Gained mutation: You have a pair of small antennae on your
                  | head. [potion of mutation]
 53975 | Zot:3    | Gained mutation: You are somewhat resistant to further
                  | mutation. [potion of mutation]
 53976 | Zot:3    | Lost mutation: You are somewhat resistant to further
                  | mutation. [potion of mutation]
 53976 | Zot:3    | Lost mutation: You have a pair of small antennae on your
                  | head. [potion of mutation]
 53976 | Zot:3    | Lost mutation: Your magical capacity is low. (-10% MP)
                  | [potion of mutation]
 53976 | Zot:3    | Gained mutation: You are robust. (+10% HP) [potion of
                  | mutation]
 53976 | Zot:3    | Gained mutation: You are weak. (Str -2) [potion of
                  | mutation]
 53976 | Zot:3    | Gained mutation: You are occasionally teleported next to
                  | monsters. [potion of mutation]
 53977 | Zot:3    | Lost mutation: You are occasionally teleported next to
                  | monsters. [potion of mutation]
 53977 | Zot:3    | Lost mutation: You are weak. (Str -2) [potion of mutation]
 53977 | Zot:3    | Gained mutation: You are clumsy. (Dex -2) [potion of
                  | mutation]
 53977 | Zot:3    | Gained mutation: You are strong-willed. (Will+) [potion of
                  | mutation]
 53978 | Zot:3    | Lost mutation: You occasionally lose the ability to drink
                  | potions when taking damage. [potion of mutation]
 53978 | Zot:3    | Lost mutation: You are robust. (+10% HP) [potion of
                  | mutation]
 53978 | Zot:3    | Gained mutation: You have a pair of small horns on your
                  | head. [potion of mutation]
 53978 | Zot:3    | Lost mutation: You are clumsy. (Dex -2) [potion of
                  | mutation]
 53978 | Zot:3    | Lost mutation: You have a pair of small horns on your head.
                  | [potion of mutation]
 54176 | Zot:5    | Entered Level 5 of the Realm of Zot
 54331 | Zot:5    | Reached XP level 27. HP: 231/260 MP: 36/36
 54446 | Zot:5    | Noticed an orb of fire
 54595 | Zot:5    | Found Feuph's Changing Room.
 54608 | Zot:5    | Bought a potion of mutation for 168 gold pieces
 54608 | Zot:5    | Bought a potion of mutation for 168 gold pieces
 54830 | Zot:5    | Noticed an ancient lich
 54833 | Zot:5    | Noticed an orb of fire
 54835 | Zot:5    | Gained mutation: You are weak. (Str -2) [an orb of fire]
 54839 | Zot:5    | Gained mutation: You are dopey. (Int -2) [an orb of fire]
 54841 | Zot:5    | Killed an ancient lich
 54849 | Zot:5    | Gained mutation: You occasionally lose the ability to drink
                  | potions when taking damage. [an orb of fire]
 54851 | Zot:5    | Noticed an orb of fire
 54855 | Zot:5    | Killed an orb of fire
 54863 | Zot:5    | Killed an orb of fire
 54877 | Zot:5    | Noticed an orb of fire
 54879 | Zot:5    | Noticed an orb of fire
 54880 | Zot:5    | Gained mutation: You are vulnerable to heat. (rF-) [an orb
                  | of fire]
 54884 | Zot:5    | Gained mutation: Your movements are slightly less
                  | encumbered by armour. (ER -2) [an orb of fire]
 54885 | Zot:5    | Gained mutation: You sometimes lose the ability to drink
                  | potions when taking damage. [an orb of fire]
 54886 | Zot:5    | Gained mutation: Your magical capacity is low. (-10% MP)
                  | [an orb of fire]
 54890 | Zot:5    | Gained mutation: You are very dopey. (Int -4) [an orb of
                  | fire]
 54894 | Zot:5    | Killed an orb of fire
 54905 | Zot:5    | Killed an orb of fire
 54906 | Zot:5    | Reached skill level 24 in Fighting
 55272 | Zot:5    | Got the Orb of Zot
 55287 | Zot:5    | Noticed a dread lich
 55287 | Zot:5    | Noticed an orb of fire
 55287 | Zot:5    | Noticed an orb of fire
 55287 | Zot:5    | Noticed an orb of fire
 55287 | Zot:5    | Noticed an orb of fire
 55661 | Depths:2 | Reached skill level 10 in Dodging
 55879 | D:7      | Noticed Xeteq the pandemonium lord
 56026 | D:$      | Escaped with the Orb!

Illustrated notes

Levels and vault maps discovered:
D:1:      lightli_arrival_statuegarden, layout_loops_corners,
          hellmonk_ecumenical_altar_lost_god
D:2:      layout_rooms, basic_altar, grunt_ministairs_10, minmay_unequal,
          uniq_sigmund
D:3:      layout_rooms, serial_glass, glass_columns_a, glass_columns_b,
          glass_columns_c, glass_columns_c, glass_columns_b, glass_columns_c,
          glass_columns_a, glass_columns_a, kennysheep_generic_room_15
D:4:      minmay_thinvault, layout_layer_cave
D:5:      layout_loops_ring, minmay_temple_entry_proselytizer, serial_glass,
          glass_columns_b, glass_columns_b, serial_shops, shop, uniq_edmund
D:6:      layout_loops_ring, trog_ov_bears_minmay,
          chequers_temple_overflow_statue_of_worship, minmay_misc_feat_room
D:7:      layout_gridville, grunt_temple_overflow_forces_of_nature,
          serial_shops, nicolae_shop_pleasant_corner_grove, shop,
          nicolae_shop_drivethru, uniq_jeremiah
D:8:      layout_loops_cross, nicolae_titane
D:9:      layout_roguey, erik_orc_2, eino_tiny_chamber, nicolae_neqoxec_dot_bat,
          uniq_joseph
D:10:     layout_stronghold, okawaru_metal_pillars_1_2,
          overflow_temple_1_default, kennysheep_orc_sif_temple,
          chei_slow_surprise, lair_entry_dummy, minmay_alternating_orb
D:11:     nicolae_moon_pools, layout_irregular_city
D:12:     layout_loops_cross, gammafunk_ghost_necromancy
D:13:     layout_rooms, gammafunk_ghost_icy
D:14:     layout_small_grid, david_vaults_3, ashenzari_altar_1,
          gauntlet_entry_generic, nicolae_gozag_zags_fifth_avenue
D:15:     hellmonk_depths_entry_around_the_bend, layout_basic, serial_shops,
          shop, nicolae_shop_pleasant_corner_grove, shop,
          hangedman_decor_cross_pass, uniq_azrael
Temple:   jpeg_temple_clearing
Lair:1:   layout_cave_pods, lemuel_fruit_tree, grunt_megastairs_1
Lair:2:   layout_loops_ring, elwin_shoals_entry_rocks,
          nicolae_snake_entry_warm_welcome, special_room [special_room_bee],
          grunt_megastairs_5
Lair:3:   layout_small_grid, enter_volcano_2, serial_bayou_lake_a
Lair:4:   layout_roguey, minmay_slime_entry_jelly_boxes
Lair:5:   due_jungle_book, layout_loops_ring, special_room
          [special_room_mythical_zoo], grunt_megastairs_3
Shoals:1: layout_shoals
Shoals:2: layout_shoals, nicolae_shoals_spring_well_temple, uniq_jorgrun
Shoals:3: layout_shoals, uniq_mara
Shoals:4: shoals_end_simple, layout_shoals, serial_shops, statue_bzr,
          nicolae_shoals_this_corrosion
Snake:1:  layout_gridlike, nicolae_snake_scaly_snakehead, uniq_aizul
Snake:2:  layout_onion, serial_shops, shop, serial_bayou_shore_a,
          nicolae_triple_integral, uniq_roxanne, uniq_vashnia, uniq_saint_roka,
          uniq_asterion
Snake:3:  layout_honeycomb
Snake:4:  johnstein_snake_rune_scales, layout_grid_maze, nicolae_shop_self_help
Orc:1:    layout_diamond_mine, basic_altar, uniq_urug, uniq_harold
Orc:2:    pubby_orc_utopia
Elf:1:    nicolae_elf_arrival_fired_up, layout_geoelf_diagonals,
          kennysheep_underground_church
Elf:2:    nicolae_elf_blades_splatter_lattice
          [nicolae_blade_entry_diamond_columns], layout_geoelf_grid,
          infiniplex_enter_wizlab_glasses, serial_shops, nicolae_stop_n_shop_1,
          basic_altar, hangedman_elven_pyramids
Elf:3:    minmay_elf_hall_dome, layout_geoelf_grid, serial_shops, shop,
          special_room [special_room_mythical_zoo], nrook_mini_backslash
Vaults:1: nicolae_vaults_diamond_1, ontoclasm_vaults_twist,
          ontoclasm_vaults_ring_large, v_misc_23,
          nicolae_vaults_doubleplus_tesselated, layout_vaults_omnigrid
Vaults:2: nicolae_vaults_windows_and_doors_thing, minmay_crypt_entry_simple_box,
          vaults_mumra_chevron, v_misc_2, ontoclasm_vaults_fault,
          nicolae_vaults_little_squares_1, vaults_dpeg_emergency_exit,
          nicolae_vaults_network_star, nicolae_vaults_closet_pinwheel_4,
          nicolae_vaults_surprise_closet_hard, hangedman_vaults_corner_blocks,
          v_misc_31, v_misc_17, v_misc_25, nicolae_vaults_diamond_1,
          nicolae_vaults_octothorpe, layout_vaults_omnibox, serial_shops,
          nicolae_book_shop_shelving
Vaults:3: nicolae_vaults_lightning_bolt, nicolae_vaults_corpse_flower,
          v_pattern_1, grunt_vaults_twisty, nicolae_vaults_six-pack,
          hangedman_vaults_nodes, hangedman_vaults_snaps,
          nicolae_vaults_little_squares_4, nicolae_vaults_trapezoid_2,
          nicolae_vaults_yaktaur_gun_rack, nicolae_vaults_tetromino_T_1,
          vaults_room_semicircle, layout_vaults_maze_snakey
Vaults:4: hangedman_vaults_slice, v_misc_15, vaults_mumra_hex,
          vaults_room_hallway, nicolae_vaults_surprise_closet,
          hangedman_vaults_trim, nicolae_vaults_ring_of_whatevers,
          nicolae_vaults_stepped_doors, nicolae_vaults_frosty_reception,
          nicolae_vaults_tangram_1, nicolae_vaults_asterisk,
          layout_vaults_omnicross, uniq_mennas, uniq_margery, uniq_norris
Vaults:5
Crypt:1:  layout_gridlike, basic_altar, nicolae_crypt_crosshalls, uniq_zenata,
          uniq_donald
Crypt:2:  layout_misc_corridors, grunt_megastairs_4, uniq_boris, uniq_frederick
Crypt:3:  due_elkab, layout_chaotic_city, minmay_misc_feat_alley,
          uniq_bai_suzhen
Depths:1: minmay_cut_squares, layout_cross, chequers_serial_rivers_small_3,
          grunt_metal_band, minmay_holes, st_stairs_3,
          minmay_guarded_unrand_mage, serial_bayou_shore_b
Depths:2: box_level_dp, serial_shops, pan_entry, hell_entry
Depths:3: minmay_isolated_rectangles_in_corner, layout_small_grid,
          kennysheep_nub, nicolae_abyss_entry_one_way_or_another,
          gammafunk_ghost_split, hell_entry, lemuel_zombie_altar_yredelemnul,
          infiniplex_staircase_9_rooms, minmay_shoptagon
Depths:4: grunt_zot_entry_hairpin, layout_long_grid, enter_ziggurat_e,
          grunt_hell_entry_dis_grunt, serial_shops, shop,
          minmay_misc_feat_roman, serial_bayou_lagoon_b, uniq_jory,
          uniq_enchantress, uniq_xtahua
Zot:1:    layout_gridlike, skrybe_zot_glass_1, uniq_josephina
Zot:2:    grunt_twist_and_shout, layout_cathedral_of_symmetry,
          regret_index_zotdec_iron_s, zot_minivault_8
Zot:3:    kennysheep_bubbly, layout_misc_corridors, st_stairs_3,
          hangedman_zot_decor_checkerboard, grunt_ministairs_15
Zot:4:    layout_concentric_octagons, regret_index_zotdec_misc_clamp
Zot:5:    layout_basic, st_stairs_6, nicolae_transmutations_shop,
          grunt_ministairs_14, nrook_zot_tub

Skill      XL: |  1  2  3  4  5  6  7  8  9 10 11 12 13 14 15 16 17 18 19 20 21 22 23 24 25 26 27 |
---------------+----------------------------------------------------------------------------------+-----
Fighting       | 1 2 3 4 5 6 7 8 9 10 11 12 13 14 15 16 17 18 19 20 21 22 23 24 | 24.2
Ranged Weapons | 2 3 4 |  4.0
Evocations     | 1 3 4 6 7 9 10 12 13 15 | 15.0
Axes           | 1 2 4 5 6 7 8 9 10 11 12 13 15 16 17 18 19 20 | 20.0
Invocations    | 2 4 6 7 8 9 11 12 13 14 15 16 18 19 20 | 20.6
Armour         | 4 7 9 11 13 14 16 17 18 20 21 22 | 22.0
Shields        | 3 6 8 10 12 13 15 16 17 18 19 20 | 20.0
Dodging        | 5 8 10 | 10.0
Spellcasting   | |  1.0
Hexes          | |  2.6
Fire Magic     | |  0.8

Action                     |  1- 3 |  4- 6 |  7- 9 | 10-12 | 13-15 | 16-18 | 19-21 | 22-24 | 25-27 || total
---------------------------+-------+-------+-------+-------+-------+-------+-------+-------+-------++-------
  Melee: Whip              |    89 |   111 |   293 |       |       |       |       |       |       ||   493
         Tailslap          |     7 |     8 |    44 |    61 |   225 |   257 |   303 |   298 |   359 ||  1562
         Punch             |     1 |       |     4 |     1 |       |       |       |       |       ||     6
         Broad axe         |       |       |    72 |   506 |  1145 |  1250 |  1274 |  1149 |  1374 ||  6770
   Fire: Sling             |    17 |       |       |       |       |       |       |       |       ||    17
  Throw: Throwing net      |       |       |     1 |       |       |       |       |       |       ||     1
         Boomerang         |       |       |       |     1 |       |       |       |       |       ||     1
         Dart              |       |       |       |       |       |     1 |       |       |       ||     1
 Invoke: Grand Finale      |       |       |       |     1 |     2 |     3 |     2 |     2 |     2 ||    12
         Line Pass         |       |       |       |       |       |       |       |     1 |       ||     1
  Evoke: Wand              |       |       |     6 |    35 |    19 |    11 |     4 |     1 |     9 ||    85
         Phial of floods   |       |       |       |       |       |       |     1 |       |       ||     1
         Box of beasts     |       |       |       |       |       |       |       |       |     1 ||     1
    Use: Scroll            |     4 |     2 |    12 |    19 |    13 |    24 |    16 |     6 |    15 ||   111
         Potion            |       |     1 |     3 |     6 |     6 |    11 |     8 |     5 |    15 ||    55
   Stab: Paralysed         |       |       |    10 |    54 |   169 |   200 |   283 |   175 |   238 ||  1129
         Invisible         |       |       |       |     2 |     8 |     1 |     8 |       |     8 ||    27
         Distracted        |       |       |       |       |     1 |       |     1 |       |       ||     2
 Armour: Robe              |    55 |       |       |       |       |       |       |       |       ||    55
         Chain mail        |    34 |   106 |   494 |   745 |    25 |       |       |       |       ||  1404
         Skin              |       |       |     1 |       |       |       |       |       |       ||     1
         Plate armour      |       |       |       |       |  1449 |  1051 |   765 |   682 |       ||  3947
         Gold dragon scale |       |       |       |       |       |       |       |    58 |  1279 ||  1337
  Dodge: Dodged            |    30 |    28 |   123 |   141 |   109 |    56 |    76 |    64 |    85 ||   712
  Block: Other             |     6 |     6 |       |       |       |       |       |       |       ||    12
         Buckler           |       |       |       |    87 |   395 |    42 |       |       |       ||   524
         Tower shield      |       |       |       |       |       |  1392 |  1201 |  1016 |  1420 ||  5029
